 Dungeon Crawl Stone Soup version 0.25-a0-781-gc44aebf4fe (webtiles) character file.

Game seed: 2894119769795566740, levelgen mode: deterministic

431 Maedhros the Sneak (level 7, -1/43 HPs)
             Began as an Octopode Artificer on Apr 16, 2020.
             Slain by a centaur skeleton (6 damage)
             ... on level 5 of the Dungeon.
             The game lasted 00:02:28 (1249 turns).

Maedhros the Sneak (Octopode Artificer)             Turns: 1249, Time: 00:02:29

Health: -1/43      AC:  1    Str: 12    XL:     7   Next: 0%
Magic:  9/9        EV: 13    Int: 13    God:
Gold:   82         SH:  0    Dex: 10    Spells: 6/6 levels left

rFire    . . .     SeeInvis +   m - +1 mace "Epnec" {flame, rPois Dex-4 SInv} (curse)
rCold    . . .     Gourm    .   (no shield)
rNeg     + . .     Faith    .   (helmet restricted)
rPois    +         Spirit   .   (no amulet)
rElec    .         Reflect  .   j - ring of positive energy
rCorr    .         Harm     .   (no ring)
MR       .....                  (no ring)
Stlth    ++++......             (no ring)
HPRegen  0.14/turn              (no ring)
MPRegen  0.11/turn              (no ring)
                                (no ring)
                                (no ring)

@: no status effects
A: almost no armour, stealthy swim, amphibious, 8 rings, constrict 8, camouflage
1, gelatinous body 1
a: no special abilities


You were on level 5 of the Dungeon.
You were very hungry.

You visited 1 branch of the dungeon, and saw 5 of its levels.

You collected 82 gold pieces.

Inventory:

Hand Weapons
 a - a +0 short sword
 m - the cursed +1 mace "Epnec" (weapon) {flame, rPois Dex-4 SInv}
   (You found it on level 4 of the Dungeon)

   It has been specially enchanted to burn those struck by it, causing extra
   injury to most foes and up to half again as much damage against particularly
   susceptible opponents.
   It affects your dexterity (-4).
   It protects you from poison.
   It lets you see invisible.
   It has a curse placed upon it.
Jewellery
 j - a ring of positive energy (left tentacle)
Wands
 b - a wand of flame (12)
 c - a wand of enslavement (14)
 d - a wand of random effects (14)
Potions
 g - a potion of cancellation {unknown}
 h - a potion of berserk rage {unknown}
Comestibles
 f - 3 rations


   Skills:
 - Level 1.0 Fighting
 - Level 1.0 Short Blades
 - Level 2.0 Dodging
 + Level 5.8 Stealth
 * Level 5.5 Unarmed Combat
 - Level 3.2 Evocations


You had 6 spell levels left.
You didn't know any spells.
Your spell library was empty.

Dungeon Overview and Level Annotations

Branches:
Dungeon (5/15)
 Temple: D:4-7

Altars:
Nemelex Xobeh
Qazlal

Annotations:
D:2 Robin


Innate Abilities, Weirdness & Mutations

You cannot wear most types of armour.
You are very stealthy in the water. (Stealth+)
You are amphibious.
You can wear up to eight rings at the same time.
You can use your tentacles to constrict eight enemies at once.
Your skin changes colour to match your surroundings (Stealth+).
Your rubbery body absorbs attacks. (AC +1, EV +1)


Message History

* * * LOW HITPOINT WARNING * * *
Grinder barely misses you. The centaur skeleton hits you.
* * * LOW HITPOINT WARNING * * *
Unknown command.
You hit Grinder. You burn Grinder. You squeeze Grinder.
You kill Grinder!
Your Stealth skill increases to level 5!
Your Unarmed Combat skill increases to level 5!
You have reached level 7!
The centaur skeleton hits you.
* * * LOW HITPOINT WARNING * * *
Unknown command.
Evoke which item? (* to show all) (? for menu, Esc to quit)
Aiming: Throw Flame
Press: ? - help, Shift-Dir - straight line, f - centaur skeleton
Aim: a centaur skeleton (severely damaged)
The puff of flame hits the centaur skeleton.
The centaur skeleton is almost destroyed.
The centaur skeleton hits you.
You die...

.###.#
#...#.##
###.#....#
# ........#
#.##..#...
#........#
#.....?..#
#...Z@###
....##....#
# ####<#
#.# #.# .##
#


You could see a centaur skeleton.

Vanquished Creatures
  Grinder (D:5)
  An ogre (D:4)
  2 scorpions
  3 adders
  A shadow imp (D:5)
  A worm (D:2)
  A dart slug (D:3)
  An orc (D:4)
  3 bats
  2 giant cockroaches
  2 hobgoblins (D:1)
  3 frilled lizards
  2 rats (D:1)
23 creatures vanquished.

Notes
Turn   | Place    | Note
-------+----------+-------------------------------------------
     0 | D:1      | Maedhros the Octopode Artificer began the quest for the
                  | Orb.
     0 | D:1      | Reached XP level 1. HP: 13/13 MP: 3/3
   230 | D:1      | Reached skill level 1 in Unarmed Combat
   261 | D:2      | Reached XP level 2. HP: 18/18 MP: 4/4
   313 | D:2      | Noticed Robin
   475 | D:3      | Noticed a scorpion
   479 | D:3      | Killed a scorpion
   479 | D:3      | Reached XP level 3. HP: 23/23 MP: 5/5
   479 | D:3      | Reached XP level 4. HP: 28/28 MP: 6/6
   559 | D:4      | Noticed a slave
   729 | D:4      | Found a stormy altar of Qazlal.
   734 | D:4      | Reached XP level 5. HP: 18/33 MP: 7/7
  1054 | D:4      | Found a sparkling altar of Nemelex Xobeh.
  1157 | D:4      | Noticed an ogre
  1168 | D:4      | Killed an ogre
  1199 | D:4      | Got a dazzling mace
  1200 | D:4      | Identified the cursed +1 mace "Epnec" {flame, rPois Dex-4
                  | SInv} (You found it on level 4 of the Dungeon)
  1210 | D:5      | Entered Level 5 of the Dungeon
  1212 | D:5      | Noticed Grinder
  1221 | D:5      | Reached XP level 6. HP: 37/38 MP: 8/8
  1233 | D:5      | Paralysed by Grinder for 5 turns
  1240 | D:5      | Paralysed by Grinder for 3 turns
  1248 | D:5      | Killed Grinder
  1248 | D:5      | Reached skill level 5 in Stealth
  1248 | D:5      | Reached skill level 5 in Unarmed Combat
  1248 | D:5      | Reached XP level 7. HP: 7/43 MP: 9/9
  1249 | D:5      | Slain by a centaur skeleton

Levels and vault maps discovered:
D:1:      scummos_arrival_forest, layout_rooms, kennysheep_flooded_box
D:2:      layout_basic, uniq_robin
D:3:      layout_basic, gammafunk_temple_overflow_wave,
          nicolae_ru_great_annihilating_truth
D:4:      layout_loops_corners, nicolae_overflow_hidden_temple, first_ration,
          minmay_rat_hole, uniq_ijyb, uniq_crazy_yiuf_cottage, uniq_pikel
D:5:      layout_basic, serial_shops, shop_coins, ebering_dispersal_statue_hall,
          uniq_grinder

Skill      XL: |  1  2  3  4  5  6 |
---------------+-------------------+-----
Unarmed Combat | 1 3 4 5 |  5.5
Stealth        | 2 3 4 5 |  5.8
Fighting       | |  1.0
Short Blades   | |  1.0
Dodging        | |  2.0
Evocations     | |  3.2

Action                   |  1- 3 |  4- 6 |  7- 9 || total
-------------------------+-------+-------+-------++-------
Melee: Short sword       |    29 |    23 |       ||    52
       Constrict         |     7 |    10 |       ||    17
       Tentacles         |     3 |     9 |       ||    12
       Mace              |       |    14 |       ||    14
Evoke: Wand              |       |     4 |     1 ||     5
  Use: Scroll            |       |     3 |       ||     3
       Potion            |       |     2 |       ||     2
 Stab: Sleeping          |     4 |     1 |       ||     5
       Confused          |       |     1 |       ||     1
Armor: Skin              |     2 |     7 |       ||     9
Dodge: Dodged            |    26 |    35 |       ||    61

Table legend:
 A = Non-vault XP
 B = Vault XP
 C = Vault XP percentage of total XP
 D = Non-vault monster count
 E = Vault monster count
 F = Vault count percentage of total count
                 A         B        C        D         E       F
            +---------+---------+-------+---------+---------+-------
      Total |     336 |     281 |  45.5 |      22 |       1 |   4.3
            +---------+---------+-------+---------+---------+-------
        D:1 |       8 |       0 |   0.0 |       5 |       0 |   0.0
        D:2 |       8 |       0 |   0.0 |       4 |       0 |   0.0
        D:3 |      92 |       0 |   0.0 |       6 |       0 |   0.0
        D:4 |     204 |       0 |   0.0 |       5 |       0 |   0.0
        D:5 |      24 |     281 |  92.1 |       2 |       1 |  33.3
            +---------+---------+-------+---------+---------+-------
